 Dungeon Crawl Stone Soup version 0.19-a0-14-gde87d98 (webtiles) character file.

603 Mefis the Magician (level 7, -1/36 HPs)
             Began as a Deep Elf Wizard on Apr 29, 2016.
             Was an Initiate of Sif Muna.
             Slain by Pikel
             ... wielding a +1 whip of flaming
              (3 damage)
             ... on level 4 of the Dungeon.
             The game lasted 00:22:46 (5652 turns).

Mefis the Magician (Deep Elf Wizard)                Turns: 5652, Time: 00:22:47

Health: -1/36      AC:  6    Str:  9    XL:     7   Next: 18%
Magic:  2/18       EV: 14    Int: 25    God:    Sif Muna [......]
Gold:   163        SH:  4    Dex: 13    Spells: 7 memorised, 3 levels left

rFire  . . .     SeeInvis .     s - +3 dagger
rCold  . . .     Gourm    .     a - +0 robe
rNeg   . . .     Faith    .     (no shield)
rPois  .         Spirit   .     t - +0 helmet
rElec  .         Dismiss  .     o - +2 cloak
rCorr  .         Reflect  +     (no gloves)
SustAt .         Harm     .     (no boots)
MR     .....                    w - +4 amulet of reflection
Stlth  ++++......               (no ring)
                                x - ring of stealth

@: mighty, repel missiles, not resistant to hostile enchantments, stealthy
A: no striking features
a: Renounce Religion


You were on level 4 of the Dungeon.
You worshipped Sif Muna.
Sif Muna was noncommittal.
You were not hungry.

You visited 1 branch of the dungeon, and saw 5 of its levels.

You collected 163 gold pieces.

Inventory:

Hand Weapons
 i - a +0 hunting sling
 s - a +3 dagger (weapon)
Missiles
 u - 2 throwing nets (quivered)
 y - 13 arrows
Armour
 a - a +0 robe (worn)
 b - a +0 hat
 o - a +2 cloak (worn)
 p - a +0 cloak
 t - a +0 helmet (worn)
Jewellery
 v - an uncursed amulet of magic regeneration
 w - a +4 amulet of reflection (around neck)
 x - a ring of stealth (left hand)
 C - an uncursed amulet of guardian spirit
Scrolls
 e - 7 scrolls of teleportation
 g - 5 scrolls of remove curse {unknown}
 j - a scroll of enchant weapon {unknown}
 m - 2 scrolls of random uselessness {unknown}
 n - 6 scrolls of identify {unknown}
 q - a scroll of enchant armour {unknown}
Potions
 f - a potion of resistance {unknown}
 l - a potion of curing
 r - a potion of flight {unknown}
 A - a potion of heal wounds {unknown}
 B - 2 potions of agility {unknown}
 D - a potion of lignification {unknown}
Books
 c - a book of Minor Magic

   Spells                             Type                      Level
   a - Magic Dart                     Conjuration                  1
   b - Blink                          Translocation                2
   c - Call Imp                       Summoning                    2
   d - Repel Missiles                 Charms/Air                   2
   e - Slow                           Hexes                        2
   f - Conjure Flame                  Conjuration/Fire             3
   g - Mephitic Cloud                 Conjuration/Poison/Air       3
Comestibles
 d - 2 bread rations
 k - 4 meat rations
 z - a beef jerky


   Skills:
 + Level 4.2 Dodging
 + Level 4.5 Stealth
 + Level 6.2 Spellcasting
 + Level 3.0 Conjurations
 + Level 3.9 Charms
 + Level 3.0 Summonings
 + Level 3.0 Translocations


You had 3 spell levels left.
You knew the following spells:

 Your Spells              Type           Power        Failure   Level  Hunger
a - Magic Dart            Conj           ###.         1%          1    None
b - Call Imp              Summ           ###.....     3%          2    None
c - Blink                 Tloc           N/A          3%          2    None
d - Repel Missiles        Chrm/Air       ###...       6%          2    None
e - Mephitic Cloud        Conj/Pois/Air  ##......     14%         3    None
f - Conjure Flame         Conj/Fire      ###.....     12%         3    None
g - Slow                  Hex            #.......     12%         2    None


Dungeon Overview and Level Annotations

Branches:
Dungeon (5/15)
 Temple: D:4-7

Altars:
Pakellas
Ru
Sif Muna

Annotations:
D:4 Menkaure, Pikel


Message History

Pikel is severely wounded.
Pikel misses you. The slave hits you but does no damage.
You hit Pikel but do no damage.
Pikel is severely wounded.
Pikel hits you but does no damage. The slave misses you.
Read which item? (? for menu, Esc to quit)
Okay, then.
Drink which item? (? for menu, Esc to quit)
You feel very mighty all of a sudden. Pikel hits you but does no damage.
The slave hits you.
You hit Pikel.
Pikel is almost dead.
Pikel closely misses you. The slave hits you!
* * * LOW HITPOINT WARNING * * *
You barely miss Pikel.
Pikel is almost dead.
Pikel hits you with a whip of flaming.
* * * LOW HITPOINT WARNING * * *
Pikel burns you.
You die...

#<#.†......##.##
####>.....p........
#.......##p#####.#.
#.......##§# #.#.
#.......##.# #.#.
+........#.# #.#.
#........#.# #.#.
#########.#.# #)#.
#.p@Kp....#.# #)#.
#.#########.# #.#.
#.#..5......# #.#.
#.#.######### #.#
###.....#.#########.#
#.......#...........#.
#.......#.##.....####.
#.........5'........'.
#......##.##.p...####.


You could see Pikel and 2 slaves.

Vanquished Creatures
  Sigmund (D:3)
  2 howler monkeys (D:4)
  A hound (D:5)
  3 orc wizards
  Robin (D:3)
  4 gnolls (D:3)
  10 adders
  An ooze (D:1)
  An adder skeleton (D:4)
  5 dart slugs
  2 giant geckos
  6 orcs
  3 ball pythons (D:3)
  5 giant cockroaches
  13 goblins
  5 hobgoblins
  2 jackals (D:1)
  5 kobolds
  3 quokkas
  9 bats
  6 giant newts
  7 rats
95 creatures vanquished.

Vanquished Creatures (collateral kills)
  A slave (D:4)
  An orc priest (D:3)
  2 worms (D:2)
4 creatures vanquished.

Vanquished Creatures (others)
  A lightning spire (D:2)
  2 bushes (D:2)
3 creatures vanquished.

Grand Total: 102 creatures vanquished

Notes
Turn   | Place    | Note
--------------------------------------------------------------
     0 | D:1      | Mefis the Deep Elf Wizard began the quest for the Orb.
     0 | D:1      | Reached XP level 1. HP: 10/10 MP: 7/7
   312 | D:1      | Reached XP level 2. HP: 15/15 MP: 7/9
   316 | D:1      | Learned a level 2 spell: Call Imp
   319 | D:1      | Learned a level 2 spell: Blink
   322 | D:1      | Learned a level 2 spell: Repel Missiles
   727 | D:1      | Reached skill level 5 in Spellcasting
  1085 | D:1      | Reached skill level 1 in Charms
  1085 | D:1      | Reached XP level 3. HP: 19/19 MP: 4/11
  1090 | D:1      | Learned a level 3 spell: Mephitic Cloud
  1617 | D:2      | Reached XP level 4. HP: 20/24 MP: 5/13
  2100 | D:2      | Found a sacrificial altar of Ru.
  2516 | D:2      | Found an oddly glowing altar of Pakellas.
  2518 | D:2      | Noticed a fire dragon
  2658 | D:3      | Noticed Sigmund
  3063 | D:3      | Learned a level 3 spell: Conjure Flame
  3162 | D:3      | Reached XP level 5. HP: 17/28 MP: 0/15
  3283 | D:3      | Killed Sigmund
  3283 | D:3      | Reached XP level 6. HP: 32/32 MP: 7/16
  3890 | D:3      | Found a deep blue altar of Sif Muna.
  3905 | D:3      | Noticed Robin
  3935 | D:3      | Killed Robin
  4040 | D:3      | Became a worshipper of Sif Muna the Loreminder
  4365 | D:4      | Noticed Menkaure
  4427 | D:5      | Entered Level 5 of the Dungeon
  5028 | D:5      | Reached skill level 6 in Spellcasting
  5397 | D:4      | Reached XP level 7. HP: 36/36 MP: 10/18
  5402 | D:4      | Learned a level 2 spell: Slow
  5571 | D:4      | Noticed Pikel
  5652 | D:4      | Slain by Pikel

Vault maps used:
D:1:      dpeg_arrival_houses_and_road
D:2:      nicolae_ru_awakened_eye, minmay_misc_feat_square,
          gammafunk_pakellas_spire_experiment
D:3:      overflow_temple_1_default, uniq_sigmund, uniq_robin
D:4:      first_bread, uniq_menkaure, uniq_eustachio, uniq_natasha, uniq_pikel
D:5:      kennysheep_slugbush, kennysheep_mini, temple_green,
          portal_sewer_entry_b, corner_web_ring

Skill      XL: |  1  2  3  4  5  6  7 |
---------------+----------------------+-----
Spellcasting   | 5 6 |  6.2
Charms         | 1 2 3 |  3.9
Stealth        | 3 4 |  4.5
Dodging        | 3 4 |  4.2
Conjurations   | 2 3 |  3.0
Summonings     | 2 3 |  3.0
Translocations | 2 3 |  3.0

Action                   |  1- 3 |  4- 6 |  7- 9 || total
-------------------------+-------+-------+-------++-------
Melee: Unarmed           |     3 |       |       ||     3
       Dagger            |       |     7 |     8 ||    15
 Cast: Magic Dart        |    93 |   162 |    22 ||   277
       Repel Missiles    |     2 |     1 |       ||     3
       Call Imp          |     2 |    12 |     4 ||    18
       Mephitic Cloud    |       |     9 |     3 ||    12
       Conjure Flame     |       |     2 |     1 ||     3
       Blink             |       |     2 |     1 ||     3
  Use: Potion            |       |     1 |     1 ||     2
       Scroll            |       |     1 |       ||     1
 Stab: Confused          |       |     1 |       ||     1
  Eat: Chunk             |     1 |    10 |       ||    11
       Bread ration      |       |     1 |       ||     1
Armor: Robe              |     4 |     7 |    11 ||    22
Dodge: Dodged            |    14 |    24 |    12 ||    50
       Deflected         |     1 |     2 |       ||     3
Block: Other             |       |     1 |     2 ||     3
